[Event "Live Chess"]
[Site "Chess.com"]
[Date "2023.05.20"]
[Round "-"]
[White "FlyingChessKestrel13"]
[Black "MaximKris"]
[Result "1/2-1/2"]
[WhiteElo "2148"]
[BlackElo "1802"]
[TimeControl "300"]
[EndTime "9:28:21 PDT"]
[Termination "Game drawn by stalemate"]

1. e4 e5 2. Nf3 Nc6 3. Bb5 a6 4. Ba4 Nf6 5. d3 b5 6. Bb3 d6 7.
a4 Be6 8. Bxe6 fxe6 9. axb5 axb5 10. Rxa8 Qxa8 11. O-O Be7 12. Nc3 O-O 13. Nxb5 Qb7 14. c4 Ng4 15. h3 Nf6 16. Be3 Nh5 17. Ng5 Bxg5 18. Qxh5 Bxe3 19. fxe3 Rxf1+ 20. Kxf1 Qc8 21. Nxc7 g6 22. Qg4 Qxc7 23. Qxe6+ Qf7+ 24. Qxf7+ Kxf7 25. Ke2 Ke6 26. Kd2 h5 27. Kc3 h4 28. b4 Ne7 29. d4 g5 30. c5 exd4+ 31. exd4 d5 32. Kd3 Ng6 33. exd5+ Kxd5 34. Ke3 Nf4 35. Kf3 Kxd4 36.
c6 Ne6 37. Kg4 Ke5 38. b5 Kd6 39. Kf5 Nd4+ 40. Kxg5 Nxb5 41. Kxh4 Kxc6 42. g4 Kd7 43. Kg5 Ke8 44. Kg6 Kf8 45. Kh7 Nd6 46. g5 Nf7 47. h4 Ne5 48. h5 Nf3 49. g6 Ng5+ 50. Kh6 Ne6 51. Kh7 Ng5+ 52. Kh8 Nf7+ 53. gxf7 Kxf7 54. h6 Kf8 55. h7 Kf7 1/2-1/2

[Event "Live Chess"]
[Site "Chess.com"]
[Date "2023.05.20"]
[Round "-"]
[White "pashanyk"]
[Black "PaulHumphreys"]
[Result "1-0"]
[WhiteElo "1944"]
[BlackElo "1364"]
[TimeControl "300"]
[EndTime "9:28:25 PDT"]
[Termination "pashanyk won by checkmate"]

1. e4 e6 2. f4 d5 3. Nc3 d4 4.
Nce2 d3 5. Nc3 dxc2 6. Qxc2 Bc5 7. Nf3 Nf6 8. Nb5 Bb6 9. a4 c6 10. Nc3 Ng4 11. Bc4 Bf2+ 12. Ke2 Bb6 13. b4 Qf6 14.
d3 Bc7 15. g3 O-O 16. e5 Qe7 17. b5 cxb5 18. Nxb5 Bb6 19. Ba3 Bc5 20. Bb2 b6 21. d4 Bb4 22. Qb3 Nc6 23. Nd6 a5 24. Bb5 Bb7 25.
Rhc1 Rac8 26. Nxc8 Rxc8 27. Rc2 Na7 28. Rac1 Rxc2+ 29.
Qxc2 Nxb5 30. axb5 h5 31. Ng5 Nxh2 32. Qh7+ Kf8 33.
Qh8# 1-0

[Event "Live Chess"]
[Site "Chess.com"]
[Date "2023.05.20"]
[Round "-"]
[White "ossie57"]
[Black "jusjoel"]
[Result "1-0"]
[WhiteElo "1854"]
[BlackElo "263"]
[TimeControl "300"]
[EndTime "9:28:31 PDT"]
[Termination "ossie57 won by resignation"]

1. d4 d5 2. Nc3 e6 3. Bf4 Qh4 4. Bg3 Qh5 5. Nb5 c6 6. Nc7+ Kd7 7. Nxa8 Bb4+ 8. c3 Ba5 9. Qa4 b6 10. Bxb8 b5 11. Qxa5 a6 12. Qc7+ Ke8 13. Qxc8+ Ke7 14. Be5 1-0

[Event "Live Chess"]
[Site "Chess.com"]
[Date "2023.05.20"]
[Round "-"]
[White "Misha145Chess"]
[Black "Prijmak"]
[Result "1-0"]
[WhiteElo "585"]
[BlackElo "985"]
[TimeControl "300"]
[EndTime "9:28:34 PDT"]
[Termination "Misha145Chess won by resignation"]

1. e4 e5 2. Nf3 Nc6 3. Bb5 d6 4. d4 a6 5. Bxc6+ bxc6 6. dxe5 Bg4 7. Nbd2 Be7 8. O-O h6 9. h3 Be6 10. exd6 Bxd6 11. e5 Bc5 12. Ne4 Bb6 13. Qxd8+ Rxd8 14. Nc3 Ne7 15. Rd1 O-O 16. Rxd8 Rxd8 17. Bf4 Ng6 18. Bh2 Ba5 19. Rd1 Rxd1+ 20. Nxd1 Bf5 21. Nd4 Bxc2 22.
Nxc2 Ne7 23. Nd4 Bb6 24. Nf3 Nd5 25. Nc3 Nxc3 26. bxc3 Ba5 27. c4 Kf8 28. Nd4 c5 29. Nb3 Bc3 30. Nxc5 a5 31. e6 Ke7 32. Bxc7 fxe6 33.
Ne4 Bb4 34. a3 Bxa3 35. Bxa5 Bb2 36. c5 Be5 37. c6 g6 38. c7 Bxc7 39. Bxc7 Kd7 40.
Bf4 Ke7 41. Bxh6 Kf7 42. Ng5+ Kf6 43. Ne4+ Ke5 44. f3 Kd5 45. Nf6+ Ke5 46. Bg5 Kf5 47.
Nh7 e5 48. h4 e4 49. g4+ Ke5 50. fxe4 Kxe4 51. h5 Ke5 52. hxg6 Ke6 53. Nf8+ 1-0

[Event "Live Chess"]
[Site "Chess.com"]
[Date "2023.05.20"]
[Round "-"]
[White "NAZRIZ1977"]
[Black "JackRudd"]
[Result "0-1"]
[WhiteElo "2138"]
[BlackElo "2422"]
[TimeControl "300"]
[EndTime "9:28:36 PDT"]
[Termination "JackRudd won by resignation"]

1. c4 Nf6 2. g3 c5 3. Bg2 Nc6 4. Nf3 d6 5. O-O Be6 6. d3 Qc8 7. Re1 Bh3 8. Bh1 h5 9. Nc3 h4 10. a3 hxg3 11. fxg3 g6 12. Rb1 Bg7 13. b4 Ng4 14. Nd5 Nd4 15. Nxd4 Bxd4+ 16. e3 Be5 17. bxc5 Nxh2 18. Rxb7 Bg4 19. Rxe7+ Kf8 20. Qa4 Qf5 21. e4 Nf3+ 0-1

[Event "Live Chess"]
[Site "Chess.com"]
[Date "2023.05.20"]
[Round "-"]
[White "BostonStrangler"]
[Black "bristolunichess"]
[Result "0-1"]
[WhiteElo "1983"]
[BlackElo "1846"]
[TimeControl "300"]
[EndTime "9:28:37 PDT"]
[Termination "bristolunichess won on time"]

1. e4 e5 2. Bc4 Nf6 3. d3 Nc6 4.
Nc3 d6 5. f4 exf4 6. Bxf4 Be7 7. Qd2 d5 8. exd5 Nb4 9. Nge2 Nbxd5 10. Bg3 c6 11. a3 Bg4 12. h3 Bh5 13. O-O O-O 14.
Kh1 b5 15. Bb3 Bg6 16. Nf4 Bd6 17. Nfxd5 Bxg3 18. Nxf6+ gxf6 19. Qe3 Qc7 20. Rxf6 Rae8 21. Qh6 Be5 22. Rf3 Bg7 23. Qf4 Be5 24. Qg5 Bg7 25. Raf1 Re7 26. h4 Qe5 27. Qxe5 Rxe5 28. a4 b4 29. Nd1 c5 30. Ne3 Kh8 31. g3 Rfe8 32.
Ng4 R5e7 33. R1f2 Bxb2 34. Bxf7 Bxf7 35. Rxf7 Rxf7 36. Rxf7 Bg7 37. h5 h6 38. Rxa7 Re1+ 39.
Kg2 Re2+ 40. Kf3 Rxc2 41. Ke4 b3 42. Ne3 Re2 43. Kf5 b2 44. Rb7 Rxe3 45. Kg6 Re8 46.
a5 Kg8 47. a6 Kf8 48. a7 Be5 49. g4 Bd6 0-1

[Event "Live Chess"]
[Site "Chess.com"]
[Date "2023.05.20"]
[Round "-"]
[White "lateforthesky"]
[Black "djw60"]
[Result "0-1"]
[WhiteElo "2108"]
[BlackElo "2157"]
[TimeControl "300"]
[EndTime "9:28:37 PDT"]
[Termination "djw60 won by resignation"]

1. e4 e5 2. Nf3 Nc6 3. Bb5 a6 4. Ba4 Nf6 5. O-O Be7 6. d4 exd4 7. Re1 O-O 8. e5 Nd5 9. c3 Nb6 10. Bc2 d6 11. cxd4 dxe5 12. dxe5 Qxd1 13. Rxd1 Nb4 14. Be4 c6 15. Nc3 Be6 16. Nd4 N4d5 17. Nxe6 fxe6 18. Bd2 Nc4 19. Be1 Nxe5 20. Ne2 Bc5 21. Nd4 Rae8 22. Rac1 Ba7 23. a3 Rf4 24. f3 Ng6 25. Bg3 e5 26. Bxf4 Ngxf4 27. Kh1 Bxd4 28. g3 Nh3 29. Kg2 Ng5 30. Bxd5+ cxd5 31. Rc7 e4 32. Rxd4 Ne6 33. Rxg7+ Kxg7 34. Rxd5 exf3+ 35. Kxf3 Kf6 36. Rd7 Re7 37. Rd1 Nc5 38. b4 Ne4 39. Rd4 Ng5+ 40. Kg2 Re2+ 41. Kf1 Rxh2 42. Rd6+ Kf5 43. Rb6 Ra2 44.
Rxb7 Rxa3 45. b5 axb5 46. Rxb5+ Kg4 47. Rb4+ Kf3 0-1

[Event "Live Chess"]
[Site "Chess.com"]
[Date "2023.05.20"]
[Round "-"]
[White "JanMur7"]
[Black "alexlines8"]
[Result "1-0"]
[WhiteElo "1977"]
[BlackElo "1271"]
[TimeControl "300"]
[EndTime "9:28:48 PDT"]
[Termination "JanMur7 won by checkmate"]

1. e4 c6 2. d4 d5 3. Nc3 dxe4 4. Nxe4 Nf6 5. Nxf6+ exf6 6. Nf3 Bd6 7. Bd3 Qe7+ 8. Qe2 Qxe2+ 9. Kxe2 O-O 10. Re1 Bg4 11.
h3 Bh5 12. g4 Bg6 13. Bxg6 fxg6 14. Kd3 b5 15. Re6 Bc7 16. c3 a5 17. Bd2 Ra6 18.
Rae1 g5 19. Re8 Rxe8 20. Rxe8+ Kf7 21. Re4 Nd7 22. h4 gxh4 23. Nxh4 c5 24. Nf5 c4+ 25. Kc2 g6 26. Re7+ Kf8 27. Bh6+ Kg8 28. Rg7+ Kh8 29. Rxd7 gxf5 30. Rxc7 fxg4 31. Rc8# 1-0

[Event "Live Chess"]
[Site "Chess.com"]
[Date "2023.05.20"]
[Round "-"]
[White "AwesomeFredster"]
[Black "Nazarenko_vital"]
[Result "0-1"]
[WhiteElo "1579"]
[BlackElo "1575"]
[TimeControl "300"]
[EndTime "9:28:54 PDT"]
[Termination "Nazarenko_vital won by resignation"]

1. e4 d5 2. Nf3 dxe4 3. Ng5 Nf6 4. d3 Bg4 5. f3 exf3 6. Nxf3 e6 7. h3 Bh5 8. Nc3 c6 9. Be3 Qc7 10. Qd2 Bd6 11.
O-O-O Nbd7 12. g4 Bg6 13. Nh2 Bxh2 14. Rxh2 h6 15. Bf4 e5 16. Re1 O-O-O 17. Be3 a6 18.
Qf2 Qd6 19. Bg2 Rde8 20. Bf3 Rhg8 21. Qg3 Qc7 22. g5 hxg5 23. Bxg5 Nh5 24. Bxh5 Bxh5 25. Qh4 Rh8 26. d4 exd4 27. Rxe8+ Rxe8 28. Nd5 Qxh2 29. Nb6+ Nxb6 30. Qxh5 Re1+ 0-1

[Event "Live Chess"]
[Site "Chess.com"]
[Date "2023.05.20"]
[Round "-"]
[White "toog"]
[Black "Tilbs_12"]
[Result "1-0"]
[WhiteElo "2635"]
[BlackElo "1608"]
[TimeControl "300"]
[EndTime "9:28:59 PDT"]
[Termination "toog won by resignation"]

1. e4 c6 2. d4 d5 3. Nc3 dxe4 4.
Nxe4 Nf6 5. Nxf6+ exf6 6. c3 Bd6 7. Bd3 O-O 8. Qc2 g6 9. Ne2 Re8 10. h4 f5 11. Bg5 Qc7 12. O-O-O Bf8 13. h5 Nd7 14.
hxg6 fxg6 15. Nf4 Nb6 16. Qb3+ Qf7 17. Qxf7+ Kxf7 18. Rxh7+ Kg8 19. Rdh1 Bg7 20. Nxg6 Nd5 21. Ne5 Be6 22. R7h5 Nf6 23. Bxf6 Bxf6 24. Bxf5 Bxf5 25. Rxf5 Kg7 26. Rh3 Rad8 27. Rg3+ 1-0

[Event "Live Chess"]
[Site "Chess.com"]
[Date "2023.05.20"]
[Round "-"]
[White "f4nomore"]
[Black "dhanushkasri"]
[Result "1-0"]
[WhiteElo "1351"]
[BlackElo "470"]
[TimeControl "300"]
[EndTime "9:29:00 PDT"]
[Termination "f4nomore won on time"]

1. d4 d5 2. Bg5 f6 3. Bh4 Nh6 4. e3 Bg4 5. Be2 Bxe2 6. Nxe2 g5 7.
Bg3 e5 8. dxe5 fxe5 9. Bxe5 Bg7 10.
Bxg7 Rg8 11. Bxh6 Rg6 12. Bxg5 Rxg5 13. Ng3 Re5 14. O-O Qd7 15. Nc3 Nc6 16. Nb5 O-O-O 17. Nd4 Nxd4 18. exd4 Rg5 19. f4 Rg6 20. f5 Rgg8 21.
Qf3 Rgf8 22. f6 Rf7 23. c3 Qc6 24. Nh5 Qb6 25. b3 Qa6 26. Qh3+ 1-0

[Event "Live Chess"]
[Site "Chess.com"]
[Date "2023.05.20"]
[Round "-"]
[White "AyannaTang"]
[Black "JamesWallman"]
[Result "0-1"]
[WhiteElo "178"]
[BlackElo "798"]
[TimeControl "300"]
[EndTime "9:29:01 PDT"]
[Termination "JamesWallman won by checkmate"]

1. e4 e5 2. f4 d6 3. Nf3 exf4 4. d4 g5 5. Bc4 Nc6 6. d5 Ne5 7. Nxe5 dxe5 8. h4 gxh4 9. Bxf4 exf4 10. Qd4 f6 11. e5 Qe7 12. d6 Qxe5+ 13. Qxe5+ fxe5 14. O-O cxd6 15. Bxg8 Rxg8 16. Nc3 Be6 17. Ne4 O-O-O 18.
Nf6 Rg7 19. Nh5 Rg5 20. Nf6 h6 21. Nh7 Rg6 22. Rad1 Rg7 23. Nf6 Be7 24. Nh5 Rg5 25.
Nxf4 exf4 26. Rxf4 Rf5 27. Rc4+ Bxc4 28. g4 Rg5 29.
Rd4 Bb5 30. c4 Bc6 31. Kf2 Bd7 32. Kf3 Rf8+ 33. Kg2 Rxg4+ 34. Kh2 Rxd4 35. b3 a6 36. Kg2 Bg5 37. Kh1 Rd1+ 38. Kh2 Rf2# 0-1

[Event "Live Chess"]
[Site "Chess.com"]
[Date "2023.05.20"]
[Round "-"]
[White "TDCMF"]
[Black "CheckString"]
[Result "0-1"]
[WhiteElo "340"]
[BlackElo "1352"]
[TimeControl "300"]
[EndTime "9:29:09 PDT"]
[Termination "CheckString won on time"]

1. e4 c6 2. d4 d5 3. e5 c5 4. Nf3 cxd4 5. Nxd4 Nc6 6. Nc3 e6 7. Bf4 Bc5 8. Nce2 Qb6 9. Be3 Nxd4 10. Bxd4 Ne7 11. g4 O-O 12. Bg2 Ng6 13. O-O Bxd4 14. Nxd4 Nxe5 15. Qd2 Nxg4 16. Rae1 Bd7 17. Re2 Bb5 18.
Nxb5 Qxb5 19. h3 Nf6 20. Rfe1 Rac8 21. Re3 Qxb2 22. Rg3 Nh5 23. Rg4 g6 24. Re3 Qxc2 25. Qd4 Rc4 26. Qe5 Rxg4 27. hxg4 Ng7 28. Rh3 Qd1+ 0-1

[Event "Live Chess"]
[Site "Chess.com"]
[Date "2023.05.20"]
[Round "-"]
[White "OBrightwell100"]
[Black "Hacker_2009"]
[Result "0-1"]
[WhiteElo "1329"]
[BlackElo "1929"]
[TimeControl "300"]
[EndTime "9:29:10 PDT"]
[Termination "Hacker_2009 won by resignation"]

1. e4 c5 2. Nf3 d6 3. c3 Nf6 4. e5 dxe5 5. Nxe5 Qc7 6. d4 cxd4 7. Qxd4 Nc6 8. Qe3 Qxe5 9. Qxe5 Nxe5 10. Bf4 Ng6 11.
Bg3 Bf5 12. Nd2 e6 13. Nc4 Bc5 14. b4 Bb6 15. a4 O-O 16. a5 Bd8 17. Nd6 Be7 18.
Nxb7 Rac8 19. Be5 Nxe5 0-1

[Event "Live Chess"]
[Site "Chess.com"]
[Date "2023.05.20"]
[Round "-"]
[White "luckywookie"]
[Black "CocheseUK"]
[Result "0-1"]
[WhiteElo "717"]
[BlackElo "1180"]
[TimeControl "300"]
[EndTime "9:29:14 PDT"]
[Termination "CocheseUK won on time"]

1. e4 e5 2. Nf3 Nc6 3. c3 Nf6 4.
d3 Bc5 5. Bg5 O-O 6. d4 exd4 7.
cxd4 Bb4+ 8. Nc3 Be7 9. d5 Nb4 10. Bc4 d6 11. O-O h6 12. Be3 c6 13. a3 b5 14. Bb3 Na6 15. Rc1 c5 16. Bc2 Nc7 17.
Qe2 a6 18. h3 b4 19. Na4 Nxe4 20. Bxe4 Nb5 21. axb4 cxb4 22. Bb6 Qd7 23. Rc7 Nxc7 24.
Bxc7 Qxc7 25. Nd4 Bd7 0-1

[Event "Live Chess"]
[Site "Chess.com"]
[Date "2023.05.20"]
[Round "-"]
[White "Ayush_prahlad_Gupta"]
[Black "amazinggoalkeeper"]
[Result "1-0"]
[WhiteElo "1800"]
[BlackElo "499"]
[TimeControl "300"]
[EndTime "9:29:25 PDT"]
[Termination "Ayush_prahlad_Gupta won by resignation"]

1. e4 e5 2. Nc3 Nc6 3. Bc4 Nf6 4. d3 Qe7 5. Bg5 h6 6. Bh4 g5 7. Bg3 Nd4 8. Nf3 Nxf3+ 9. Qxf3 Bg7 10. h4 g4 11. Qe2 d6 12. h5 O-O 13. Bh4 c6 14. f4 exf4 15. O-O-O Qe6 16. Bxe6 Bxe6 17. Bxf6 Bxf6 18.
Rdf1 Bxa2 19. Nxa2 Bxb2+ 20. Kxb2 1-0

[Event "Live Chess"]
[Site "Chess.com"]
[Date "2023.05.20"]
[Round "-"]
[White "HD_IN4k"]
[Black "grillage"]
[Result "0-1"]
[WhiteElo "297"]
[BlackElo "1841"]
[TimeControl "300"]
[EndTime "9:29:26 PDT"]
[Termination "grillage won by resignation"]

1. d4 Nf6 2. c4 e6 3. f3 Bb4+ 4.
Bd2 Bxd2+ 5. Nxd2 d6 6. e4 Nbd7 7. e5 dxe5 8. dxe5 Nxe5 9. f4 Nd3+ 10. Bxd3 Qxd3 11. Qf3 Qxf3 12. Ngxf3 O-O 13. O-O-O Bd7 14.
Ne4 Bc6 15. Nxf6+ gxf6 16. h4 Rfd8 17. Rxd8+ Rxd8 18. f5 Bxf3 19. gxf3 Rd4 20. Rg1+ Kf8 21. h5 Rxc4+ 22. Kb1 Rh4 23. fxe6 fxe6 24. Rd1 Ke7 25.
Rg1 Rxh5 26. Rg7+ Kd6 27. f4 Rh2 28. f5 exf5 29. Rf7 Rh6 30. Rf8 f4 31. Rd8+ Kc6 32.
Rd2 f3 33. Rf2 Rh3 34. b3 Rg3 35. a4 h5 36. Kb2 Rg2 37. Rxg2 fxg2 38. b4 g1=Q 39. Kb3 Qe3+ 40. Kc4 Qe4+ 41. Kb3 Qd3+ 42. Kb2 h4 43. b5+ Kc5 44. a5 h3 45. b6 cxb6 46.
axb6 axb6 47. Kc1 h2 0-1

[Event "Live Chess"]
[Site "Chess.com"]
[Date "2023.05.20"]
[Round "-"]
[White "HoarseyHorsey"]
[Black "KeithArkell"]
[Result "0-1"]
[WhiteElo "1387"]
[BlackElo "2609"]
[TimeControl "300"]
[EndTime "9:29:26 PDT"]
[Termination "KeithArkell won by resignation"]

1. d4 e6 2. c4 Bb4+ 3. Nc3 c5 4. e3 Bxc3+ 5. bxc3 f5 6. Nf3 Nf6 7. Bd3 d6 8. O-O Nc6 9. Bd2 e5 10. dxe5 dxe5 11. Bc2 e4 12. Ne1 O-O 13. f3 Be6 14.
fxe4 Nxe4 15. Bxe4 fxe4 16. Qe2 Rxf1+ 17. Kxf1 Ne5 18.
Nc2 Bxc4 0-1

[Event "Live Chess"]
[Site "Chess.com"]
[Date "2023.05.20"]
[Round "-"]
[White "Driftboard"]
[Black "DorothyDawn"]
[Result "1/2-1/2"]
[WhiteElo "760"]
[BlackElo "467"]
[TimeControl "300"]
[EndTime "9:29:35 PDT"]
[Termination "Game drawn by agreement"]

1. e4 c5 2. Nf3 Nc6 3. Nc3 d6 4. Bc4 Nf6 5. O-O g5 6. d3 h6 7. h3 Bg7 8. Be3 b6 9. Bd5 Bb7 10. Bxc6+ Bxc6 11. a3 O-O 12. b4 cxb4 13. axb4 Qd7 14.
Nd5 Bxd5 15. exd5 Qb5 16. Rb1 Qxd5 17. c4 Qe6 18. Nd4 Qe5 19. Nc6 Qc3 20. Nxe7+ Kh7 21. Nc6 a5 22. bxa5 bxa5 23. Ra1 a4 24. Rxa4 Rxa4 25. Qxa4 Qxd3 26. Rd1 Qf5 27. Nd4 Qe4 28. Re1 Nd7 29. f3 Qd3 30. Qb3 Nc5 31. Qxd3+ Nxd3 32. Rd1 Ne5 33. Rc1 Re8 34. Nf5 1/2-1/2

[Event "Live Chess"]
[Site "Chess.com"]
[Date "2023.05.20"]
[Round "-"]
[White "Kr1xot4_XGOD"]
[Black "peter-785"]
[Result "1-0"]
[WhiteElo "2199"]
[BlackElo "1147"]
[TimeControl "300"]
[EndTime "9:29:35 PDT"]
[Termination "Kr1xot4_XGOD won by resignation"]

1. e4 c5 2. Nc3 d6 3. d4 cxd4 4. Qxd4 Nc6 5. Qd3 e6 6. Bf4 Nf6 7. O-O-O Nb4 8. Qd2 Be7 9. e5 dxe5 10. Qxd8+ Bxd8 11. Bxe5 O-O 12. Bd6 Re8 13. Bxb4 Ng4 14. Ne4 a5 15. Ba3 b5 16. Bxb5 1-0

[Event "Live Chess"]
[Site "Chess.com"]
[Date "2023.05.20"]
[Round "-"]
[White "Hussamalhaidar"]
[Black "alanmike75"]
[Result "0-1"]
[WhiteElo "961"]
[BlackElo "1506"]
[TimeControl "300"]
[EndTime "9:29:37 PDT"]
[Termination "alanmike75 won by checkmate"]

1. e4 e5 2. Nf3 d6 3. Bc4 Be7 4. Nc3 Nf6 5. d4 exd4 6. Nxd4 O-O 7. Bg5 c6 8. f4 d5 9. Bb3 dxe4 10. Bxf6 Bxf6 11.
O-O Qxd4+ 12. Qxd4 Bxd4+ 13. Kh1 Bxc3 14. bxc3 Kh8 15.
Rfe1 f5 16. c4 Na6 17. a4 Be6 18. Rad1 Nc5 19. Ba2 Rad8 20. h3 g6 21. g4 Kg7 22.
gxf5 gxf5 23. h4 Kf6 24. h5 b5 25. axb5 cxb5 26. Rb1 bxc4 27. c3 Nd3 28. Rf1 Rd6 29.
Rb7 Rf7 30. Rb8 Ra6 31. Bb1 Ra1 32. Bxd3 Rxf1+ 33. Bxf1 Kg7 34. Rb4 Rc7 35. Ra4 Kh6 36.
Ra6 Re7 37. Bh3 Kxh5 38. Ra5 Kg6 39. Re5 Kf6 40. Rc5 Rd7 41. Bg2 Rd3 42. Kh2 Rxc3 43.
Bf1 Rc2+ 44. Kg3 Rc1 45. Be2 h5 46. Kh4 Rh1+ 47. Kg3 h4+ 48. Kg2 Rc1 49. Kh3 Rc2 50. Bd1 Rf2 51. Kxh4 Rxf4+ 52. Kg3 Rf1 53. Be2 Rg1+ 54.
Kf4 Re1 55. Bxc4 Rc1 56. Bxe6 Rxc5 57. Bb3 a5 58. Ba4 Rc3 59. Bd1 Rc1 60. Be2 a4 61.
Ke3 Re1 62. Kf2 Rxe2+ 63. Kxe2 a3 64. Kd2 a2 65. Ke3 a1=Q 66. Kf4 Qf1+ 67. Kg3 Qf3+ 68. Kh2 e3 69. Kg1 Qf2+ 70. Kh1 Qf3+ 71. Kg1 e2 72. Kh2 Qf4+ 73. Kg2 Qe4+ 74. Kh2 e1=Q 75. Kh3 Q1h1+ 76. Kg3 Qg1+ 77. Kh3 Qeh1# 0-1

[Event "Live Chess"]
[Site "Chess.com"]
[Date "2023.05.20"]
[Round "-"]
[White "VovaOvchar1990"]
[Black "KING_BOBBB"]
[Result "0-1"]
[WhiteElo "1201"]
[BlackElo "543"]
[TimeControl "300"]
[EndTime "9:29:39 PDT"]
[Termination "KING_BOBBB won on time"]

1. e4 d5 2. exd5 Qxd5 3. Nc3 Qa5 4. Nf3 Nf6 5. Bc4 Bf5 6. d3 e6 7. O-O Nc6 8. h3 Bb4 9. Bd2 O-O 10. a3 Bd6 11. Ne4 Qb6 12. Nxf6+ gxf6 13. Nh4 Bg6 14. Qg4 Ne5 15. Qd1 Nxc4 16. dxc4 Qxb2 17. Rb1 Qxa3 18. Rb3 Qc5 19. Nxg6 hxg6 20. Qg4 Qe5 21. g3 f5 22. Qh4 Qg7 23. Bc3 Be5 24. Bxe5 Qxe5 25. Rxb7 Rfb8 26. Rfb1 Rxb7 27. Rxb7 Qe1+ 28. Kg2 Qe4+ 29. Qxe4 fxe4 30. Rxc7 a5 31. Rb7 a4 32. Rb1 a3 33. Ra1 f5 34.
g4 Kf7 35. Kg3 Kf6 36. Kf4 e5+ 37. Ke3 g5 38. f3 exf3 39. Kxf3 fxg4+ 40. hxg4 Ra5 41.
Ke4 Rc5 42. Kd3 Ra5 43. Ke4 Ke6 44. Ra2 Kd6 45. Kf5 e4+ 46. Kxe4 Kc5 47. Kd3 Kb4 48.
Kd4 Rc5 49. Rxa3 Rxc4+ 50. Kd3 Rf4 51. Rb3+ Kc5 52. Rc3+ Kd5 53. Rc8 Rxg4 54. Rg8 Rg1 55. c4+ Kc5 56. Rc8+ Kd6 57. c5+ Kd7 58. Rg8 Kc6 59. Kc4 g4 60. Rg6+ Kc7 61. Kb5 g3 62.
Rg7+ Kc8 63. Kb6 g2 64. Kc6 Kd8 65. Kd6 Rd1+ 0-1

[Event "Live Chess"]
[Site "Chess.com"]
[Date "2023.05.20"]
[Round "-"]
[White "Pablo_dmp"]
[Black "miguelchuk"]
[Result "1-0"]
[WhiteElo "1870"]
[BlackElo "1640"]
[TimeControl "300"]
[EndTime "9:29:43 PDT"]
[Termination "Pablo_dmp won on time"]

1. e4 a6 2. d4 b5 3. f4 Bb7 4. Bd3 Nf6 5. Qe2 g6 6. Nf3 Bg7 7. e5 Nd5 8. O-O e6 9. b3 O-O 10. a3 c5 11. c4 bxc4 12. bxc4 Ne7 13. dxc5 Nbc6 14. Nc3 Nf5 15. Ne4 Qa5 16. Bd2 Ncd4 17. Bxa5 Nxe2+ 18. Bxe2 Bxe4 19. Bb6 Ne3 20. Rfe1 Nc2 21.
Ng5 Bc6 22. Bd3 Nxe1 23. Rxe1 a5 24. Be4 a4 25. Bxc6 dxc6 26. Ne4 f6 27. Nd6 fxe5 28. fxe5 Rf4 29. g3 Rd4 30. Re3 Rd2 31. Ne4 Rd1+ 32. Kg2 Bxe5 33. Ng5 Rd2+ 34. Kh3 Bd4 35. Rxe6 Rf8 36.
Rxc6 Bg1 37. Ne4 Rxh2+ 38. Kg4 h5+ 39. Kg5 Be3+ 40. Kxg6 Rg2 41. Rc7 1-0

[Event "Live Chess"]
[Site "Chess.com"]
[Date "2023.05.20"]
[Round "-"]
[White "thrithik"]
[Black "gmnorfolk"]
[Result "0-1"]
[WhiteElo "489"]
[BlackElo "2128"]
[TimeControl "300"]
[EndTime "9:29:44 PDT"]
[Termination "gmnorfolk won by checkmate"]

1. Nc3 d5 2. Nb5 a6 3. Nd4 e5 4. Nf5 Bxf5 5. Nf3 Nc6 6. Nxe5 Nxe5 7. g3 Qe7 8. Bg2 c6 9. b3 Nf6 10. Bb2 Be4 11. Bxe5 Qxe5 12. Rb1 Bxg2 13. c3 Bxh1 14. f3 Bd6 15. Kf2 h5 16. Qxh1 h4 17. gxh4 Qxh2+ 18. Qxh2 Bxh2 19. Kg2 Bd6 20. Rh1 O-O-O 21. h5 Rxh5 22.
Rxh5 Nxh5 23. f4 Nxf4+ 24. Kf3 Nxe2 25. Kxe2 Be5 26. d4 Bxd4 27. cxd4 Re8+ 28. Kd3 Re4 29. Kc3 g5 30. Kb4 g4 31. Kc5 Kc7 32. Kb4 b6 33. a4 a5+ 34. Kc3 g3 35. Kd2 g2 36.
Kd3 g1=Q 37. Kc3 Qxd4+ 38. Kc2 Re2+ 39. Kb1 Qb2# 0-1

[Event "Live Chess"]
[Site "Chess.com"]
[Date "2023.05.20"]
[Round "-"]
[White "GEMdzq"]
[Black "GMHarry-youtube"]
[Result "1-0"]
[WhiteElo "2370"]
[BlackElo "2182"]
[TimeControl "300"]
[EndTime "9:29:47 PDT"]
[Termination "GEMdzq won by checkmate"]

1. e4 c5 2. d4 cxd4 3. c3 dxc3 4. Nxc3 Nc6 5. Bc4 e6 6. Nf3 Bb4 7. O-O Nge7 8. Qd3 O-O 9. Rd1 a6 10. Bg5 f6 11. Be3 Na5 12. Bxe6+ Kh8 13. Bxd7 Bxc3 14. bxc3 Qc7 15. Bxc8 Raxc8 16. Qd7 Qxd7 17. Rxd7 Ng6 18. Bb6 Nc4 19. Bd4 b5 20. a4 Rb8 21. axb5 axb5 22. Raa7 Nce5 23. Rxg7 Rfc8 24. Rxh7+ Kg8 25. h4 b4 26. h5 Nxf3+ 27. gxf3 Ne5 28. Rag7+ Kf8 29. h6 b3 30. Rh8# 1-0

[Event "Live Chess"]
[Site "Chess.com"]
[Date "2023.05.20"]
[Round "-"]
[White "ChessTWSS"]
[Black "sup3rm0nk3y"]
[Result "1-0"]
[WhiteElo "1580"]
[BlackElo "1330"]
[TimeControl "300"]
[EndTime "9:29:48 PDT"]
[Termination "ChessTWSS won by resignation"]

1. d4 d5 2. Bf4 Bf5 3. e3 e6 4. Nf3 Bd6 5. Bxd6 cxd6 6. c4 dxc4 7. Bxc4 Nf6 8. Nc3 a6 9. O-O O-O 10. Nh4 Be4 11. Nxe4 Nxe4 12. Qg4 d5 13. Bd3 f5 14. Qh5 g6 15. Qh6 Nd7 16. Bxe4 dxe4 17. f3 exf3 18.
Nxf3 Nf6 19. Ne5 Nh5 20. g4 Ng7 21. h3 fxg4 22. hxg4 b5 23. Rxf8+ Qxf8 24. Rf1 Qe7 25. Rf7 Qxf7 26. Nxf7 Kxf7 27. Qxh7 1-0

[Event "Live Chess"]
[Site "Chess.com"]
[Date "2023.05.20"]
[Round "-"]
[White "onemoretime1975"]
[Black "Sergio2StepsAheado"]
[Result "1-0"]
[WhiteElo "1970"]
[BlackElo "970"]
[TimeControl "300"]
[EndTime "9:29:51 PDT"]
[Termination "onemoretime1975 won by resignation"]

1. e4 e5 2. Nf3 Nf6 3. Nc3 Bc5 4. h3 Nc6 5. a3 d6 6. Bc4 Be6 7. Bb5 a6 8. Be2 d5 9. exd5 Nxd5 10. Nxd5 Qxd5 11. d3 Rd8 12. O-O O-O 13. Ng5 h6 14.
Bf3 Qd6 15. Ne4 Qd4 16. Be3 Qxb2 17. Nxc5 Rfe8 18. Nxe6 Rxe6 19. Bxc6 Rxc6 20. Rb1 Qa2 21. c4 e4 22. d4 Rxc4 23. Rxb7 Rc2 24. Qa1 Qb3 25.
Rxb3 1-0

[Event "Live Chess"]
[Site "Chess.com"]
[Date "2023.05.20"]
[Round "-"]
[White "john_chandler"]
[Black "MaximKhimchenko"]
[Result "0-1"]
[WhiteElo "966"]
[BlackElo "1378"]
[TimeControl "300"]
[EndTime "9:29:55 PDT"]
[Termination "MaximKhimchenko won by checkmate"]

1. c4 e5 2. Nc3 Bc5 3. e3 Nf6 4. g3 d5 5. cxd5 Nxd5 6. Bg2 Nxc3 7. bxc3 Nc6 8. Ne2 Be6 9. O-O h5 10. h4 Qd7 11. f4 Bh3 12. f5 Bxg2 13. Kxg2 O-O-O 14.
e4 g6 15. f6 g5 16. Rb1 gxh4 17. a4 hxg3 18. Nxg3 h4 19. Nf5 Rdg8+ 20. Ng7 Qd3 21. Bb2 Qg3+ 22. Kh1 Qh3# 0-1

[Event "Live Chess"]
[Site "Chess.com"]
[Date "2023.05.20"]
[Round "-"]
[White "jennybobby44"]
[Black "Rusty_Bridges"]
[Result "1-0"]
[WhiteElo "1855"]
[BlackElo "1413"]
[TimeControl "300"]
[EndTime "9:30:06 PDT"]
[Termination "jennybobby44 won by resignation"]

1. e4 d6 2. Nf3 Nf6 3. Nc3 Nbd7 4.
g3 e5 5. Bg2 Be7 6. O-O h6 7.
d4 c6 8. h3 Qc7 9. Re1 Nf8 10.
a4 g5 11. Nh2 Ng6 12. b4 Bd7 13. b5 Qc8 14. g4 Nf4 15. Bxf4 gxf4 16. f3 h5 17.
bxc6 bxc6 18. dxe5 dxe5 19. Kf1 hxg4 20. Nxg4 Nxg4 21. hxg4 Bb4 22. Qd3 Qc7 23. Red1 Rd8 24. Qc4 a5 25. Nd5 Qa7 26. Nxb4 axb4 27. Qxb4 Rb8 28.
Qd6 Rb2 29. Qxe5+ Be6 30. Qxh8+ Ke7 31. Qxb2 1-0